 Dungeon Crawl Stone Soup version 0.21.1-1-g345015f (webtiles) character file.

256 theblackcape the Ducker (level 6, -2/53 HPs)
             Began as a Gnoll Monk on July 8, 2018.
             Slain by an orc priest
             ... wielding a +0 mace
              (8 damage)
             ... on level 4 of the Dungeon.
             The game lasted 00:09:05 (2792 turns).

theblackcape the Ducker (Gnoll Monk)                Turns: 2792, Time: 00:09:06

Health: -2/53      AC:  4    Str: 13    XL:     6   Next: 15%
Magic:  8/8        EV: 17    Int: 14    God:
Gold:   72         SH:  0    Dex: 18    Spells: 8/8 levels left

rFire    . . .     SeeInvis .   n - +0 halberd
rCold    + . .     Gourm    .   (shield currently unavailable)
rNeg     . . .     Faith    .   p - +1 robe {rC+}
rPois    .         Spirit   .   (no helmet)
rElec    .         Reflect  .   (no cloak)
rCorr    .         Harm     .   (no gloves)
MR       .....                  d - +0 pair of boots
Stlth    +++.......             (no amulet)
HPRegen  0.17/turn              (no ring)
MPRegen  0.11/turn              (no ring)

@: no status effects
A: distributed training, fangs 1, strong nose
a: no special abilities


You were on level 4 of the Dungeon.
You were not hungry.

You visited 1 branch of the dungeon, and saw 4 of its levels.

You collected 72 gold pieces.

Inventory:

Hand Weapons
 n - a +0 halberd (weapon)
Missiles
 g - 4 tomahawks (quivered)
 h - 5 javelins
Armour
 d - a +0 pair of boots (worn)
 p - a +1 robe of cold resistance (worn)
Scrolls
 e - a scroll of identify
 f - a scroll of noise {unknown}
 i - 2 scrolls of remove curse
Potions
 b - a potion of resistance
 j - a potion of cancellation {unknown}
 k - 2 potions of curing
 m - a potion of lignification {unknown}
Books
 a - a book of Maledictions

   Spells                             Type                      Level
   a - Corona                         Hexes                        1
   b - Ensorcelled Hibernation        Hexes/Ice                    2
   c - Confuse                        Hexes                        3
   d - Tukima's Dance                 Hexes                        3
   e - Dazzling Spray                 Conjuration/Hexes            3
Comestibles
 c - 7 rations


   Skills:
 + Level 6.8 Fighting
 + Level 1.8 Short Blades
 + Level 1.8 Long Blades
 + Level 1.8 Axes
 + Level 1.8 Maces & Flails
 + Level 6.8 Polearms
 + Level 1.8 Staves
 + Level 1.8 Slings
 + Level 1.8 Bows
 + Level 1.8 Crossbows
 + Level 1.8 Throwing
 + Level 1.8 Armour
 + Level 6.8 Dodging
 + Level 4.5 Stealth
 + Level 1.8 Shields
 + Level 1.8 Unarmed Combat
 + Level 1.8 Spellcasting
 + Level 1.4 Conjurations
 + Level 1.4 Hexes
 + Level 1.4 Charms
 + Level 1.4 Summonings
 + Level 1.4 Necromancy
 + Level 1.4 Translocations
 + Level 1.4 Transmutations
 + Level 1.4 Fire Magic
 + Level 1.4 Ice Magic
 + Level 1.4 Air Magic
 + Level 1.4 Earth Magic
 + Level 1.4 Poison Magic
 + Level 2.0 Invocations
 + Level 1.8 Evocations


You had 8 spell levels left.
You didn't know any spells.

Dungeon Overview and Level Annotations

Branches:
Dungeon (4/15)
 Temple: D:4-7

Altars:
Dithmenos
Elyvilon
Gozag
Xom
Zin


Innate Abilities, Weirdness & Mutations

Your experience applies equally to all skills.
You have very sharp teeth.
Your uncanny sense of smell can sniff out nearby items.


Message History

Attack whom?
Press: ? - help, Dir - move target cursor, f/p - orc priest
Aim: an orc priest, wielding a mace and wearing a leather armour (moderately wounded)
You barely miss the orc priest.
The orc priest is moderately wounded.
The orc priest calls down the wrath of Beogh upon you.
Beogh smites you!
* * * LOW HITPOINT WARNING * * *
The orc hits you but does no damage. The orc wizard misses you.
You hit the orc priest.
The orc priest is heavily wounded.
The orc priest hits you with a mace.
* * * LOW HITPOINT WARNING * * *
The orc hits you with an enchanted dagger.
* * * LOW HITPOINT WARNING * * *
The orc wizard hits you but does no damage.
You slash the orc priest! Your bite misses the orc priest.
The orc priest is almost dead.
The orc priest hits you with a mace!
You die...

+.... ..#...#........
.... #..#...'........
#... #..#...#........
#...##..#...#........
#....#..##..#........
#....#..##..#........
#....#...#..#........
#....'...#..#........
#..o@#...'..#........
#..oo#..##..#........
#....#..##..#........
#.....#..+...+......._
#.....#..#...#........
#.....#..#####........
#.....#..# #........
##...##... #........
#... #........


You could see an orc priest, an orc wizard and an orc.

Vanquished Creatures
  A centaur skeleton (D:4)
  2 orc priests (D:4)
  Terence (D:2)
  6 gnolls
  An adder (D:3)
  2 worms
  2 dart slugs
  2 leopard geckos
  8 bats
  6 giant cockroaches
  7 goblins
  11 hobgoblins
  6 jackals (D:2)
  5 kobolds
  3 quokkas (D:2)
  4 rats
67 creatures vanquished.

Vanquished Creatures (others)
  5 toadstools (D:1)
5 creatures vanquished.

Grand Total: 72 creatures vanquished

Notes
Turn   | Place    | Note
-------+----------+-------------------------------------------
     0 | D:1      | theblackcape the Gnoll Monk began the quest for the Orb.
     0 | D:1      | Reached XP level 1. HP: 23/23 MP: 1/1
    76 | D:1      | Reached XP level 2. HP: 29/29 MP: 2/2
   398 | D:2      | Reached XP level 3. HP: 35/35 MP: 3/3
   466 | D:2      | Found a shadowy altar of Dithmenos.
   672 | D:2      | Noticed Terence
   712 | D:2      | Killed Terence
   712 | D:2      | Reached skill level 1 in Short Blades
   712 | D:2      | Reached skill level 1 in Long Blades
   712 | D:2      | Reached skill level 1 in Axes
   712 | D:2      | Reached skill level 1 in Maces & Flails
   712 | D:2      | Reached skill level 1 in Staves
   712 | D:2      | Reached skill level 1 in Slings
   712 | D:2      | Reached skill level 1 in Bows
   712 | D:2      | Reached skill level 1 in Crossbows
   712 | D:2      | Reached skill level 1 in Throwing
   712 | D:2      | Reached skill level 1 in Armour
   712 | D:2      | Reached skill level 1 in Shields
   712 | D:2      | Reached skill level 1 in Unarmed Combat
   712 | D:2      | Reached skill level 1 in Spellcasting
   712 | D:2      | Reached skill level 1 in Invocations
   712 | D:2      | Reached skill level 1 in Evocations
   712 | D:2      | Reached XP level 4. HP: 5/41 MP: 5/5
  1173 | D:2      | Found an opulent altar of Gozag.
  1189 | D:2      | Reached skill level 1 in Conjurations
  1189 | D:2      | Reached skill level 1 in Hexes
  1189 | D:2      | Reached skill level 1 in Charms
  1189 | D:2      | Reached skill level 1 in Summonings
  1189 | D:2      | Reached skill level 1 in Necromancy
  1189 | D:2      | Reached skill level 1 in Translocations
  1189 | D:2      | Reached skill level 1 in Transmutations
  1189 | D:2      | Reached skill level 1 in Fire Magic
  1189 | D:2      | Reached skill level 1 in Ice Magic
  1189 | D:2      | Reached skill level 1 in Air Magic
  1189 | D:2      | Reached skill level 1 in Earth Magic
  1189 | D:2      | Reached skill level 1 in Poison Magic
  1738 | D:3      | Reached XP level 5. HP: 47/47 MP: 6/6
  2274 | D:3      | Found a shimmering altar of Xom.
  2627 | D:3      | Found a glowing silver altar of Zin.
  2737 | D:4      | Found a white marble altar of Elyvilon.
  2779 | D:4      | Reached XP level 6. HP: 53/53 MP: 8/8
  2792 | D:4      | Slain by an orc priest

Skill      XL: |  1  2  3  4  5  6 |
---------------+-------------------+-----
Short Blades   | 1 |  1.8
Long Blades    | 1 |  1.8
Axes           | 1 |  1.8
Maces & Flails | 1 |  1.8
Staves         | 1 |  1.8
Slings         | 1 |  1.8
Bows           | 1 |  1.8
Crossbows      | 1 |  1.8
Throwing       | 1 |  1.8
Armour         | 1 |  1.8
Shields        | 1 |  1.8
Unarmed Combat | 1 |  1.8
Spellcasting   | 1 |  1.8
Invocations    | 1 2 |  2.0
Evocations     | 1 |  1.8
Conjurations   | 1 |  1.4
Hexes          | 1 |  1.4
Charms         | 1 |  1.4
Summonings     | 1 |  1.4
Necromancy     | 1 |  1.4
Translocations | 1 |  1.4
Transmutations | 1 |  1.4
Fire Magic     | 1 |  1.4
Ice Magic      | 1 |  1.4
Air Magic      | 1 |  1.4
Earth Magic    | 1 |  1.4
Poison Magic   | 1 |  1.4
Fighting       | |  6.8
Polearms       | |  6.8
Dodging        | |  6.8
Stealth        | |  4.5

Action                   |  1- 3 |  4- 6 || total
-------------------------+-------+-------++-------
Melee: Spear             |    81 |   133 ||   214
       Bite              |     7 |    19 ||    26
       Halberd           |       |    36 ||    36
Throw: Tomahawk          |     9 |     1 ||    10
       Javelin           |     1 |     3 ||     4
  Use: Potion            |     2 |     1 ||     3
       Scroll            |     1 |     6 ||     7
 Stab: Sleeping          |    10 |     9 ||    19
       Distracted        |     1 |       ||     1
  Eat: Chunk             |       |     6 ||     6
Armor: Robe              |     5 |    21 ||    26
Dodge: Dodged            |    29 |   130 ||   159
